 Dungeon Crawl Stone Soup version 0.30-a0-23-ge60ba3568b (webtiles) character file.

Game seed: 8550232113746452622

18 Newt the Shooter (level 2, -2/17 HPs)
             Began as a Kobold Hunter on Aug 24, 2022.
             Killed from afar by Natasha (6 damage)
             ... with a magic dart
             ... on level 2 of the Dungeon.
             The game lasted 00:00:43 (821 turns).

Newt the Shooter (Kobold Hunter)                     Turns: 821, Time: 00:00:44

Health: -2/17      AC:  4    Str:  8    XL:     2   Next: 85%
Magic:  2/2        EV: 14    Int: 16    God:
Gold:   74         SH:  0    Dex: 18    Spells: 1/1 levels left

rFire   . . .      SeeInvis .    a - +0 shortbow
rCold   . . .      Faith    .    (shield currently unavailable)
rNeg    . . .      Spirit   .    c - +0 leather armour
rPois   .          Reflect  .    f - +0 helmet
rElec   .          Harm     .    (no cloak)
rCorr   .          Rampage  .    (no gloves)
Will    .....                    (no boots)
Stlth   ++++......               (no amulet)
HPRegen 0.05/turn                h - +6 ring of intelligence
MPRegen 0.08/turn                (no ring)

@: flying
A: small, no large weapons, nightstalker 3
a: no special abilities


You were on level 2 of the Dungeon.
You visited 1 branch of the dungeon, and saw 2 of its levels.

You collected 74 gold pieces.

Inventory:

Hand Weapons
 a - a +0 shortbow (weapon)
Missiles
 i - a throwing net
Armour
 c - a +0 leather armour (worn)
 f - a +0 helmet (worn)
Jewellery
 h - a +6 ring of intelligence (left hand)
 j - an amulet of magic regeneration
Scrolls
 b - a scroll of immolation
 d - 2 scrolls of identify {unknown}
 e - a scroll of teleportation {unknown}
 g - a scroll of vulnerability {unknown}
Potions
 k - a potion of flight
 l - a potion of heal wounds {unknown}
 m - 2 potions of ambrosia {unknown}


   Skills:
 - Level 2.1 Fighting
 - Level 5.3 Ranged Weapons
 - Level 2.4 Dodging
 + Level 3.8 Stealth


You had one spell level left.
You didn't know any spells.
Your spell library was empty.

Dungeon Overview and Level Annotations

Branches:
Dungeon (2/15)

Altars:

Annotations:
D:2 Natasha


Innate Abilities, Weirdness & Mutations

You are small and have problems with some larger weapons.
You are completely attuned to the shadows.


Message History

No target in view!
Found a stone staircase leading down.
Found a stone staircase leading up.
m - 2 ruby potions You now have 74 gold pieces (gained 10).
k - 2 golden potions (gained 1) Natasha, Servant of Life and Death comes into view.
Found a black potion.
A bat comes into view.
The bat moves out of view.
Natasha is nearby!
Natasha is nearby!
Natasha is nearby!
You shoot an arrow. The arrow hits Natasha.
Natasha hisses angrily.
Natasha is lightly wounded.
You shoot an arrow. The arrow closely misses Natasha.
Natasha casts a spell.
An endoplasm comes into view.
You shoot an arrow. The arrow closely misses Natasha.
The endoplasm quivers.
Natasha mewls in sadness.
Natasha closely misses you.
The white imp hits you but does no damage.
Natasha stares at you and mumbles some strange words.
The magic dart hits you! The white imp gestures at you.
The puff of frost hits you.
* * * LOW HITPOINT WARNING * * *
Natasha attacks as you move away! Natasha barely misses you.
Natasha mumbles some strange words.
Natasha shimmers violently.
Natasha closely misses you. Natasha attacks as you move away!
Natasha barely misses you.
It was a potion of flight.
You feel very buoyant.
You fly up into the air.
Natasha casts a spell at you. The magic dart hits you.
You die...

#############
#####...........#####
......#######.#......
####### #...#####
##....... #.###### #
..##.######## #
......@hb.... #
..##.###J.... ######
. #.###.#### .....#
.....J5# #.##.#
#..###..# #.##.# #..#
#.##.# #..# #.##.#
#....!. #.##.#
#.#####


You could see Natasha, an endoplasm and a bat.

Vanquished Creatures
  A giant cockroach (D:1)
  5 goblins
  A hobgoblin (D:1)
  2 quokkas (D:1)
  A ball python (D:1)
  3 bats
  3 frilled lizards (D:1)
  A rat (D:1)
17 creatures vanquished.

Notes
Turn   | Place    | Note
-------+----------+-------------------------------------------
     0 | D:1      | Newt the Kobold Hunter began the quest for the Orb.
     0 | D:1      | Reached XP level 1. HP: 12/12 MP: 1/1
   211 | D:1      | Reached XP level 2. HP: 13/17 MP: 2/2
   810 | D:2      | Noticed Natasha
   821 | D:2      | Killed from afar by Natasha

Illustrated notes

Levels and vault maps discovered:
D:1:      dpeg_arrival_central, layout_rooms
D:2:      layout_loops_ring, shapermc_ecumenical_altar_totnotflames,
          uniq_natasha

Skill      XL: |  1  2 |
---------------+-------+-----
Stealth        | 2 3 |  3.8
Fighting       | |  2.1
Ranged Weapons | |  5.3
Dodging        | |  2.4

Action                   || total
-------------------------++-------
 Fire: Shortbow          ||    33
  Use: Potion            ||     1
Armor: Leather armour    ||     1
Dodge: Dodged            ||     7

Table legend: (Time is in decaauts)
 A = Elapsed time spent in this place.
 B = Non-inter-level travel time spent in this place.
 C = Inter-level travel time spent in this place.
 D = Time resting spent in this place.
 E = Time spent auto-exploring this place.
 F = Levels seen in this place.
 G = Mean time per level.
                   A        B        C        D        E       F      G
               +--------+--------+--------+--------+--------+-----+--------+
         Total |    829 |    808 |     21 |      0 |    718 |   2 |  414.5 |
       Dungeon |    829 |    808 |     21 |      0 |    718 |   2 |  414.5 |
               +--------+--------+--------+--------+--------+-----+--------+

Top non-repeatable levels by time:
     D:1: 700 daAuts
     D:2: 129 daAuts
